 Dungeon Crawl Stone Soup version 0.30-a0-535-g2c0b3469a7 (webtiles) character file.

Game seed: 10014751603753777491

22 Bnni the Vexing (level 3, -1/26 HPs)
             Began as a Formicid Hexslinger on Dec 25, 2022.
             Slain by an adder (4 damage)
             ... on level 2 of the Dungeon.
             The game lasted 00:01:18 (568 turns).

Bnni the Vexing (Formicid Hexslinger)                Turns: 568, Time: 00:01:18

Health: -1/26      AC:  3    Str: 14    XL:     3   Next: 7%
Magic:  4/5        EV: 12    Int: 14    God:
Gold:   53         SH:  0    Dex: 14    Spells: 1/5 levels left

rFire   . . .      SeeInvis +    a - +1 sling
rCold   + . .      Faith    .    (no shield)
rNeg    . . .      Spirit   .    c - +0 robe
rPois   .          Reflect  .    (helmet unavailable)
rElec   .          Harm     .    k - +0 cloak
rCorr   .          Rampage  .    (no gloves)
Will    .....                    (no boots)
Stlth   +                        (no amulet)
HPRegen 0.24/turn                e - ring of protection from cold
MPRegen 0.09/turn                (no ring)

@: no status effects
A: permanent stasis, dig shafts and tunnels, antennae 3, four strong arms
a: Dig, Shaft Self


You were on level 2 of the Dungeon.
You visited 1 branch of the dungeon, and saw 2 of its levels.

You collected 53 gold pieces.

Inventory:

Hand Weapons
 a - a +1 sling (weapon)
 i - a +0 dagger of venom
Missiles
 m - 2 atropa-tipped darts
Armour
 c - a +0 robe (worn)
 k - a +0 cloak (worn)
Jewellery
 e - a ring of protection from cold (left hand)
Scrolls
 b - a scroll of poison
 d - a scroll of fear {unknown}
 j - a scroll of teleportation {unknown}
 l - 2 scrolls of torment {unknown}
Potions
 f - a potion of haste {unknown}
 g - a potion of might {unknown}
 h - a potion of mutation {unknown}
 n - 2 potions of curing {unknown}


   Skills:
 + Level 1.5 Fighting
 * Level 2.4 Ranged Weapons
 - Level 1.7 Dodging
 + Level 1.5 Spellcasting
 * Level 4.1 Hexes


You had one spell level left.
You knew the following spells:

 Your Spells              Type           Power      Damage    Failure   Level
a - Slow                  Hex            48%        N/A       4%          1
b - Inner Flame           Hex/Fire       6%         N/A       32%         3

Your spell library contained the following spells:

 Spells                   Type           Power      Damage    Failure   Level
 Portal Projectile        Hex/Tloc       12%        N/A       32%         3
 Cigotuvi's Dreadful Rot  Necr/Pois/Air  2%         N/A       36%         2
 Poisonous Vapours        Pois/Air       2%         N/A       36%         2
 Cause Fear               Hex            6%         N/A       43%         4
 Mephitic Cloud           Conj/Pois/Air  1%         N/A       58%         3


Dungeon Overview and Level Annotations

Branches:
Dungeon (2/15)

Altars:


Innate Abilities, Weirdness & Mutations

You cannot be hasted, slowed, berserked, paralysed or teleported.
You can dig through walls and to a lower floor.
You have a pair of large antennae on your head. (SInv)
Your four strong arms can wield two-handed weapons with a shield.


Message History

Press: ? - help, Shift-Dir - straight line, f/p - adder
Aim: an adder (moderately wounded, chance to affect: 54%)
The adder seems to slow down.
You feel sick. The rat bites you but does no damage.
Unknown command.
You shoot a sling bullet.
The sling bullet closely misses the adder.
You feel sick.
You are no longer poisoned.
The rat completely misses you. The adder bites you.
You are too injured to fight recklessly!
You are too injured to fight recklessly!
You are too injured to fight recklessly!
You shoot a sling bullet. The sling bullet misses the adder.
The rat twitches its whiskers.
The rat bites you but does no damage. The adder barely misses you.
The rat bites you.
You shoot a sling bullet. The sling bullet hits the adder.
The adder is heavily wounded.
The adder bites you. The rat bites you.
You shoot a sling bullet. The sling bullet hits the adder.
The adder is severely wounded.
The adder barely misses you. The rat bites you. The adder closely misses you.
You shoot a sling bullet.
The sling bullet closely misses the adder.
The rat bites you but does no damage. The adder bites you but does no damage.
The rat bites you.
* * * LOW HITPOINT WARNING * * *
You shoot a sling bullet.
The sling bullet hits the adder but does no damage.
The adder is heavily wounded.
The rat bites you.
* * * LOW HITPOINT WARNING * * *
The adder completely misses you.
You shoot a sling bullet.
The sling bullet barely misses the adder.
The rat bites you.
* * * LOW HITPOINT WARNING * * *
The adder bites you.
You die...

#..#....## ..
#..#.....
...:#.....#.#
....#.......
...........####
#............. ..
#.......Sr.#
..##.......@..#
###.........##....##
............##....#
#..........##.####
................###
... ###............
#.####........####
#..##.........#
#<...........#


You could see an adder (slow) and a rat.

Vanquished Creatures
  2 endoplasms (D:1)
  A giant cockroach (D:1)
  A hobgoblin (D:1)
  6 kobolds (D:1)
  A quokka (D:1)
  2 ball pythons (D:1)
  A frilled lizard (D:1)
  4 goblins (D:1)
18 creatures vanquished.

Notes
Turn   | Place    | Note
-------+----------+-------------------------------------------
     0 | D:1      | Bnni the Formicid Hexslinger began the quest for the Orb.
     0 | D:1      | Reached XP level 1. HP: 15/15 MP: 2/2
   184 | D:1      | Reached XP level 2. HP: 21/21 MP: 3/3
   327 | D:1      | Reached skill level 4 in Hexes
   477 | D:1      | Reached XP level 3. HP: 26/26 MP: 5/5
   481 | D:1      | Learned a level 3 spell: Inner Flame
   568 | D:2      | Slain by an adder

Illustrated notes

Levels and vault maps discovered:
D:1:      nzn_arrival_depleted_hourglass, layout_basic
D:2:      layout_basic, ebering_ecumenical_altar_mist, serial_park_tiny_1

Skill      XL: |  1  2 |
---------------+-------+-----
Hexes          | 4 |  4.1
Fighting       | |  1.5
Ranged Weapons | |  2.4
Dodging        | |  1.7
Spellcasting   | |  1.5

Action                   || total
-------------------------++-------
 Fire: Sling             ||    52
 Cast: Slow              ||     1
Armor: Robe              ||     7
Dodge: Dodged            ||    19

Table legend: (Time is in decaauts)
 A = Elapsed time spent in this place.
 B = Non-inter-level travel time spent in this place.
 C = Inter-level travel time spent in this place.
 D = Time resting spent in this place.
 E = Time spent auto-exploring this place.
 F = Levels seen in this place.
 G = Mean time per level.
                   A        B        C        D        E       F      G
               +--------+--------+--------+--------+--------+-----+--------+
         Total |    582 |    578 |      4 |      0 |    436 |   2 |  291.0 |
       Dungeon |    582 |    578 |      4 |      0 |    436 |   2 |  291.0 |
               +--------+--------+--------+--------+--------+-----+--------+

Top non-repeatable levels by time:
     D:1: 551 daAuts
     D:2: 31 daAuts
